 Dungeon Crawl Stone Soup version 0.32-a0-306-gfed3edf829 (webtiles) character file.

Game seed: 6481336674548047058

22 Bravepunisher the Ducker (level 2, -1/16 HPs)
             Began as a Spriggan Monk on Feb 15, 2024.
             Slain by an ufetubus (4 damage)
             ... on level 5 of the Dungeon.
             The game lasted 00:02:45 (650 turns).

Bravepunisher the Ducker (Spriggan Monk)             Turns: 650, Time: 00:02:46

Health: -1/16      AC:  2    Str:  7    XL:     2   Next: 68%
Magic:  3/3        EV: 19    Int: 11    God:
Gold:   81         SH:  0    Dex: 17    Spells: 1/1 levels left

rFire   . . .        a - +0 short sword
rCold   . . .        (no shield)
rNeg    . . .        b - +0 robe
rPois   .            (helmet restricted)
rElec   .            (no cloak)
rCorr   .            (gloves unavailable)
SInv    +            (boots unavailable)
Will    .....        (no amulet)
Stlth   ++           (no ring)
HPRegen 0.22/turn    (no ring)
MPRegen 0.08/turn

%: no passive effects
@: very quick
A: very small, no large weapons, unfitting armour, see invisible, speed 3
a: no special abilities


You were on level 5 of the Dungeon.
You visited 1 branch of the dungeon, and saw 5 of its levels.

You collected 81 gold pieces.

Inventory:

Hand Weapons
 a - a +0 short sword (weapon)
Armour
 b - a +0 robe (worn)
Scrolls
 f - a scroll of amnesia {unknown}
 h - a scroll of identify {unknown}
Potions
 c - a potion of ambrosia
 d - a potion of mutation {unknown}
 e - a potion of attraction {unknown}
 g - a potion of lignification {unknown}


   Skills:
 * Level 3.0 Fighting
 - Level 3.2 Short Blades
 + Level 4.5 Dodging


You had one spell level left.
You didn't know any spells.
Your spell library was empty.

Dungeon Overview and Level Annotations

Branches:
Dungeon (5/15)
 Temple: D:4-7

Altars:
Hepliaklqana
Kikubaaqudgha


Innate Abilities, Weirdness & Mutations

You are very small and have problems with some larger weapons.
You are too small for most types of armour.
You have supernaturally acute eyesight. (SInv)
You cover ground extremely quickly. (Speed+++)


Message History

The ball python barely misses you. The ball python grabs you.
You stop descending the stairs.
The ball python constricts you.
Unknown command.
You hit the ball python.
You kill the ball python!
You climb downwards.
You hear the hiss of flowing sand.
There is an entrance to an ossuary on this level.
Hurry and find it before the portal is buried!
There is a stone staircase leading up here.
A jelly comes into view.
Found 5 stones.
Found a flux talisman.
The jelly quivers.
Found a blade talisman.
A ball python comes into view.
Found 9 gold pieces.
The ball python hisses angrily.
You see here 5 stones.
Found a stone staircase leading up.
Found a hand axe.
Found a stone staircase leading down.
There is a stone staircase leading down here.
You climb downwards.
Found 13 gold pieces.
There is a stone staircase leading up here.
You now have 71 gold pieces (gained 13).
A phantom comes into view.
Found an ancient bone altar of Kikubaaqudgha.
Found 10 gold pieces.
You now have 81 gold pieces (gained 10).
An ufetubus comes into view.
The ufetubus shouts!
You hear a shout!
An ufetubus comes into view.
The ufetubus misses you. The ufetubus completely misses you.
The ufetubus hits you. x2; The ufetubus completely misses you. x2
The ufetubus attacks as it pursues you! The ufetubus misses you.
The ufetubus completely misses you. The ufetubus hits you.
* * * LOW HITPOINT WARNING * * *
The ufetubus hits you.
You die...

#.#.# ..#
#.#.#
#...
#.#.#
###.
#.#.#
#.#.#
#...#
##..#
#.5# #5@#
#......#
#......#
#......#
#......#
#......#
#.......
###.#####


You could see 2 ufetubi.

Vanquished Creatures
  3 ball pythons
  A goblin (D:1)
  2 kobolds (D:1)
  3 quokkas (D:1)
  2 bats (D:1)
  2 rats (D:1)
13 creatures vanquished.

Notes
Turn   | Place    | Note
-------+----------+-------------------------------------------
     0 | D:1      | Bravepunisher the Spriggan Monk began the quest for the
                  | Orb.
     0 | D:1      | Reached XP level 1. HP: 11/11 MP: 2/2
   102 | D:1      | Reached XP level 2. HP: 11/16 MP: 3/3
   290 | D:1      | You fall into a shaft and drop 1 floor!
   355 | D:3      | Found a hazy altar of Hepliaklqana.
   572 | D:5      | Entered Level 5 of the Dungeon
   587 | D:5      | Noticed a phantom
   600 | D:5      | Found an ancient bone altar of Kikubaaqudgha.
   650 | D:5      | Slain by an ufetubus

Illustrated notes

Levels and vault maps discovered:
D:1:      amcnicky_arrival_single_pillar, layout_loops_ring, minmay_3d_cube
D:2:      minmay_chambers_of_twos, layout_basic, solitary_fountain, uniq_sigmund
D:3:      layout_loops_ring, mainiacjoe_overflow_24_doors,
          mainiacjoe_overflow_alcove_1, nemelex_dance_club_becter,
          minmay_misc_feat_columns, st_stairs_2, dk_noncrumbling_3,
          corexii_item_surrounded_by_moat, uniq_crazy_yiuf_cottage
D:4:      layout_layer_cave, okawaru_metal_pillars_1_2,
          nicolae_ossuary_entry_giza, serial_shops, shop
D:5:      layout_rooms, nicolae_kikubaaqudgha_miasma_corner,
          grunt_ministairs_12, dreamdust_princess_bridge, minmay_small_thing

Skill      XL: |  1  2 |
---------------+-------+-----
Fighting       | 3 |  3.0
Short Blades   | |  3.2
Dodging        | |  4.5

Action                     || total
---------------------------++-------
  Melee: Short sword       ||    65
 Armour: Robe              ||    19
  Dodge: Dodged            ||    61

Table legend: (Time is in decaauts)
 A = Elapsed time spent in this place.
 B = Non-inter-level travel time spent in this place.
 C = Inter-level travel time spent in this place.
 D = Time resting spent in this place.
 E = Time spent auto-exploring this place.
 F = Levels seen in this place.
 G = Mean time per level.
                   A        B        C        D        E       F      G
               +--------+--------+--------+--------+--------+-----+--------+
         Total |    443 |    443 |      0 |      0 |    158 |   5 |   88.6 |
       Dungeon |    443 |    443 |      0 |      0 |    158 |   5 |   88.6 |
               +--------+--------+--------+--------+--------+-----+--------+

Top non-repeatable levels by time:
     D:1: 217 daAuts
     D:3: 148 daAuts
     D:5: 47 daAuts
     D:4: 20 daAuts
     D:2: 9 daAuts
